 Dungeon Crawl Stone Soup version 0.26-a0-651-gb41185065b (webtiles) character file.

Game seed: 14500733328517220528

781 Irenicus the Cleaver (level 7, -5/60 HPs)
             Began as a Deep Dwarf Gladiator on Oct 3, 2020.
             Slain by an ogre
             ... wielding a +0 giant club
              (13 damage)
             ... on level 6 of the Dungeon.
             The game lasted 00:16:23 (2511 turns).

Irenicus the Cleaver (Deep Dwarf Gladiator)         Turns: 2511, Time: 00:16:23

Health: -5/60      AC: 11    Str: 17    XL:     7   Next: 55%
Magic:  7/7        EV: 12    Int:  9    God:
Gold:   365        SH:  7    Dex: 16    Spells: 6/6 levels left

rFire    . . .     SeeInvis .   a - +0 war axe
rCold    + . .     Faith    .   b - +2 buckler
rNeg     . . .     Spirit   .   n - +0 ring mail
rPois    .         Reflect  .   c - +0 helmet
rElec    .         Harm     .   o - +0 cloak
rCorr    .         Rampage  .   (no gloves)
MR       +....                  (no boots)
Stlth    +.........             (no amulet)
HPRegen  0.00/turn              q - ring of protection from cold {rC+, !d}
MPRegen  0.10/turn              s - +4 ring of protection

@: non-regenerating, studying Hexes
A: damage resistance, heal wounds, sense surroundings 1, no regeneration
a: Heal Wounds


You were on level 6 of the Dungeon.
You visited 1 branch of the dungeon, and saw 6 of its levels.

You collected 365 gold pieces.

Inventory:

Hand Weapons
 a - a +0 war axe (weapon)
Missiles
 d - 2 throwing nets {=f, !d}
 p - 11 boomerangs
Armour
 b - a +2 buckler (worn)
   (You found it on level 2 of the Dungeon)
 c - a +0 helmet (worn)
 n - a +0 ring mail (worn)
   (You found it on level 2 of the Dungeon)
 o - a +0 cloak (worn)
   (You found it on level 4 of the Dungeon)
Jewellery
 q - a ring of protection from cold (left hand) {rC+, !d}
   (You took it off a hobgoblin on level 2 of the Dungeon)
 r - a +6 ring of strength
   (You found it on level 2 of the Dungeon)
 s - a +4 ring of protection (right hand)
   (You found it on level 2 of the Dungeon)
 z - an uncursed ring of flight {+Fly, !d}
   (You found it on level 4 of the Dungeon)
 B - an uncursed ring of poison resistance {unknown}
   (You found it on level 5 of the Dungeon)
Scrolls
 e - 7 scrolls of remove curse
 f - a scroll of immolation {unknown}
 h - 8 scrolls of identify
 i - a scroll of enchant weapon {unknown}
 j - 7 scrolls of teleportation
 k - a scroll of random uselessness {unknown}
 l - a scroll of noise {unknown}
 m - 3 scrolls of amnesia {unknown}
 A - a scroll of blinking {unknown}
Potions
 g - a potion of flight
 t - 2 potions of mutation {!q}
 u - a potion of might
 w - a potion of brilliance
 C - a potion of invisibility
Books
 y - a manual of Hexes {!d}
   (You found it on level 4 of the Dungeon)


   Skills:
 - Level 2.0 Fighting
 + Level 8.8 Axes
 - Level 1.7 Throwing
 - Level 3.2 Dodging
 - Level 4.0 Shields


You had 6 spell levels left.
You didn't know any spells.
Your spell library contained the following spells:

 Spells                   Type           Power        Failure   Level
 Beastly Appendage        Tmut           #.....       58%         1
 Wereblood                Tmut           #.......     75%         2
 Spider Form              Tmut/Pois      #.........   92%         3
 Ice Form                 Ice/Tmut       #.......     100%        4
 Blade Hands              Tmut           #.........   100%        5


Dungeon Overview and Level Annotations

Branches:
Dungeon (6/15)
 Temple: D:4-7

Altars:
Ashenzari
Gozag
Hepliaklqana
Kikubaaqudgha
Okawaru
Yredelemnul
Zin
The Shining One

Shops:
D:5 (


Innate Abilities, Weirdness & Mutations

You are resistant to damage.
You can heal yourself by infusing magical energy.
You passively map a small area around you.
You do not regenerate.


Message History

< or
r - a +6 ring of strength; > or
s - a +4 ring of protection You remove your +6 ring of strength.
You feel weaker.
q - a ring of protection from cold (left hand) {rC+, !d} You block the ice beast's attack.
You closely miss the ice beast.
The ice beast is moderately wounded.
The ice beast hits you but does no damage.
You slash the ice beast!
The ice beast is heavily wounded.
The ice beast hits you but does no damage.
You slash the ice beast!
The ice beast is almost dead.
You block the ice beast's attack.
You slash the ice beast!
You kill the ice beast!
e - 7 scrolls of remove curse (gained 1)
A howler monkey comes into view.
The howler monkey howls!
You block the howler monkey's attack.
You barely miss the howler monkey. The howler monkey closely misses you.
The howler monkey hits you but does no damage.
You slash the howler monkey!
The howler monkey is heavily wounded.
You block the howler monkey's attack.
You hit the howler monkey.
The howler monkey is severely wounded.
The howler monkey hits you but does no damage.
You slash the howler monkey!
You kill the howler monkey!
You now have 365 gold pieces (gained 14).
You see here 6 stones.
Found an escape hatch in the ceiling.
An ogre and an ufetubus come into view.
The ogre shouts!
The ufetubus shouts!
Press: ? - help, v - describe, . - travel, g - get item Item here: a dazzling morningstar.
The floor.
Throwing (i - inventory)
v - 2 javelins (quivered)
Press: ? - help, Shift-Dir - straight line, f - ogre
Aim: an ogre, wielding a +0 giant club You throw a javelin.
The javelin pierces through the ogre!
The ogre is heavily wounded.
Throwing (i - inventory)
v - a javelin (quivered)
Press: ? - help, Shift-Dir - straight line, f/p - ogre
Aim: an ogre, wielding a +0 giant club (heavily wounded)
You throw a javelin. The javelin pierces through the ogre!
The ogre is almost dead.
You block the ufetubus's attack. The ufetubus barely misses you.
You barely miss the ufetubus.
The ufetubus hits you but does no damage.
The ufetubus misses you.
You hit the ufetubus.
The ufetubus is heavily wounded.
The ufetubus misses you. The ufetubus closely misses you.
You block the ufetubus's attack. The ufetubus closely misses you.
You barely miss the ufetubus.
The ufetubus is heavily wounded.
The ufetubus barely misses you. The ufetubus closely misses you.
The ufetubus hits you but does no damage.
You block the ufetubus's attack.
You miss the ufetubus.
The ufetubus is heavily wounded.
The ufetubus closely misses you. You block the ufetubus's attack.
You hit the ufetubus but do no damage.
The ufetubus is heavily wounded.
The ufetubus hits you. The ufetubus closely misses you.
You block the ufetubus's attack.
The ufetubus hits you but does no damage.
You miss the ufetubus.
The ufetubus is heavily wounded.
The ufetubus barely misses you. You block the ufetubus's attack. x2
The ufetubus hits you.
* * * LOW HITPOINT WARNING * * *
You take 1 damage, and have 11/60 hp.
You barely miss the ufetubus.
The ufetubus is heavily wounded.
The ufetubus hits you but does no damage. x2
Okay, then.
You hit the ufetubus but do no damage.
The ufetubus is heavily wounded.
You block the ufetubus's attack. x2; The ufetubus hits you. x2
* * * LOW HITPOINT WARNING * * *
You take 1 damage, and have 10/60 hp.
You closely miss the ufetubus.
The ufetubus is heavily wounded.
The ufetubus hits you but does no damage. x2
You barely miss the ufetubus.
The ufetubus is heavily wounded.
The ufetubus hits you.
* * * LOW HITPOINT WARNING * * *
You block the ufetubus's attack.
The ufetubus hits you but does no damage. x2
You take 2 damage, and have 8/60 hp.
You hit the ufetubus.
You kill the ufetubus!
You closely miss the ogre.
The ogre is almost dead.
The ogre hits you with a +0 giant club!
You die...

##(#.........
.(......... , *
...)..... ,* #+#
,, ....... ,,
#.# , .....,,,
#.# *, , ,...,,
#.# * , #.#*
#.######### ,#O#
#.......... ,#@#
#<......... *
#.# ###....###
####.# ####....+
#...<#
........#*
##.###
........#### #.#
.....#.....###.#
######.......#.#
#.......#.#


You could see an ogre.

Vanquished Creatures
  An ice beast (D:6)
  A centaur (D:5)
  2 howler monkeys
  4 orc priests
  A hound (D:4)
  A jelly (D:4)
  2 orc wizards (D:5)
  A gnoll shaman (D:4)
  An iguana (D:4)
  A worker ant (D:4)
  3 gnolls (D:2)
  6 adders (D:3)
  A white imp (D:5)
  2 ufetubi
  An ooze (D:3)
  An adder skeleton (D:4)
  A worm (D:3)
  2 dart slugs
  3 leopard geckos
  16 orcs
  2 ball pythons
  8 bats
  5 giant cockroaches
  13 hobgoblins
  10 jackals
  A quokka (D:4)
  7 frilled lizards
  8 goblins
  6 kobolds
  A leopard gecko zombie (D:5)
  2 quokka skeletons (D:4)
  7 rats
121 creatures vanquished.

Notes
Turn   | Place    | Note
-------+----------+-------------------------------------------
     0 | D:1      | Irenicus the Deep Dwarf Gladiator began the quest for the
                  | Orb.
     0 | D:1      | Reached XP level 1. HP: 19/19 MP: 1/1
    82 | D:1      | Reached skill level 2 in Fighting
   173 | D:1      | Reached XP level 2. HP: 21/26 MP: 2/2
   188 | D:2      | Reached skill level 4 in Axes
   234 | D:2      | You fall into a shaft and drop 2 floors!
   277 | D:4      | Reached XP level 3. HP: 10/32 MP: 3/3
   336 | D:4      | Reached skill level 1 in Shields
   348 | D:4      | Reached XP level 4. HP: 12/39 MP: 4/4
   357 | D:4      | Reached skill level 5 in Axes
   357 | D:4      | Reached skill level 2 in Shields
   552 | D:3      | HP: 8/39 [orc priest/+0 falchion (2)]
   557 | D:3      | Reached skill level 3 in Shields
   557 | D:3      | Reached XP level 5. HP: 5/45 MP: 5/5
   696 | D:1      | HP: 3/45 [hobgoblin/+0 club (2)]
  1115 | D:2      | Reached skill level 6 in Axes
  1151 | D:2      | Found an opulent altar of Gozag.
  1164 | D:2      | Found a glowing silver altar of Zin.
  1166 | D:2      | Found a basalt altar of Yredelemnul.
  1349 | D:3      | Reached XP level 6. HP: 34/52 MP: 6/6
  1527 | D:4      | Reached skill level 4 in Shields
  1678 | D:4      | Reached skill level 7 in Axes
  1718 | D:4      | Irenicus: ?? manual
  1718 | D:4      | beem: manual[1/3]: Manuals let you train a skill more
                  | efficiently. While you carry it you train that skill at
                  | double speed - half the 'skill points' coming from the
                  | manual. It was generated with 2000-3000 'skill points' and
                  | you cannot 'waste' it, you always get the full amount.
  1830 | D:4      | Found an iron altar of Okawaru.
  1864 | D:5      | Entered Level 5 of the Dungeon
  1900 | D:5      | Found a glowing golden altar of the Shining One.
  1903 | D:5      | Found a hazy altar of Hepliaklqana.
  1906 | D:5      | Found a broken altar of Ashenzari.
  1942 | D:5      | Found an ancient bone altar of Kikubaaqudgha.
  2109 | D:5      | HP: 12/52 [orc priest/divine providence (10)]
  2122 | D:5      | HP: 11/52 [orc priest/divine providence (6)]
  2249 | D:5      | Reached XP level 7. HP: 22/60 MP: 7/7
  2264 | D:5      | HP: 14/60 [orc priest/divine providence (7)]
  2304 | D:5      | Found Zenump's Antique Weapon Boutique.
  2391 | D:5      | HP: 12/60 [centaur (2)]
  2394 | D:5      | Reached skill level 8 in Axes
  2505 | D:6      | HP: 11/60 [ufetubus (1)]
  2511 | D:6      | Slain by an ogre

Illustrated notes

Levels and vault maps discovered:
D:1:      elethiomel_arrival_quiet, layout_basic, minmay_misc_feat_cross
D:2:      layout_rooms, minitemple
D:3:      layout_basic
D:4:      layout_basic, lemuel_round_altar, minmay_manual_monolith
D:5:      layout_basic, grunt_temple_overflow_diamond, serial_shops, shop,
          lemuel_tele_altar
D:6:      layout_basic, uniq_prince_ribbit1

Skill      XL: |  1  2  3  4  5  6  7 |
---------------+----------------------+-----
Fighting       | 2 |  2.0
Axes           | 4 5 6 7 8 |  8.8
Shields        | 1 3 4 |  4.0
Throwing       | |  1.7
Dodging        | |  3.2

Action                   |  1- 3 |  4- 6 |  7- 9 || total
-------------------------+-------+-------+-------++-------
Melee: War axe           |    48 |   248 |    53 ||   349
Throw: Javelin           |     1 |     3 |     2 ||     6
       Throwing net      |     1 |       |       ||     1
       Boomerang         |       |     2 |       ||     2
 Abil: Heal Wounds       |       |     1 |       ||     1
  Use: Potion            |     1 |     7 |       ||     8
       Scroll            |       |     3 |       ||     3
 Stab: Invisible         |       |     1 |       ||     1
Armor: Leather armour    |    10 |       |       ||    10
       Ring mail         |    10 |    72 |    20 ||   102
Dodge: Dodged            |    38 |   144 |    24 ||   206
Block: Buckler           |     1 |    88 |    31 ||   120

Table legend: (Time is in decaauts)
 A = Elapsed time spent in this place.
 B = Non-inter-level travel time spent in this place.
 C = Inter-level travel time spent in this place.
 D = Time resting spent in this place.
 E = Time spent auto-exploring this place.
 F = Levels seen in this place.
 G = Mean time per level.
                   A        B        C        D        E       F      G
               +--------+--------+--------+--------+--------+-----+--------+
         Total |   2581 |   2473 |    108 |      0 |      0 |   6 |  430.2 |
       Dungeon |   2581 |   2473 |    108 |      0 |      0 |   6 |  430.2 |
               +--------+--------+--------+--------+--------+-----+--------+

Top non-repeatable levels by time:
     D:5: 554 daAuts
     D:3: 533 daAuts
     D:4: 523 daAuts
     D:1: 459 daAuts
     D:2: 407 daAuts
     D:6: 103 daAuts

Table legend:
 A = Kills in this place as a percentage of kills in entire the game.
 B = Kills by you in this place as a percentage of kills by you in the entire game.
 C = Kills by friends in this place as a percentage of kills by friends in the entire game.
 D = Other kills in this place as a percentage of other kills in the entire game.
 E = Experience gained in this place as a percentage of experience gained in the entire game.
 F = Experience gained in this place divided by the number of levels of this place that you have seen.
                   A       B       C       D       E      F
               +-------+-------+-------+-------+-------+----------------------
         Total | 100.0 | 100.0 |   N/A |   N/A | 100.0 | 186.0
       Dungeon | 100.0 | 100.0 |   N/A |   N/A | 100.0 | 186.0
               +-------+-------+-------+-------+-------+----------------------
